 Dungeon Sprint DCSS version 0.21-a0-331-gfb491b4 (webtiles) character file.

56 potatolord6000 the Cleaver (level 8, 0/79 HPs)
             Began as a Hill Orc Fighter on Oct 2, 2017.
             Was a Believer of Beogh.
             Incinerated by a deep elf mage (2 damage)
             ... with a sticky flame
             ... in the Dungeon (Sprint VI: "Thunderdome").
             The game lasted 00:03:24 (414 turns).

potatolord6000 the Cleaver (Hill Orc Fighter)        Turns: 414, Time: 00:03:25

Health: 0/79       AC:  8    Str: 21    XL:     8   Next: 4%
Magic:  1/13       EV:  8    Int:  8    God:    Beogh [**....]
Gold:   280        SH: 11    Dex: 10    Spells: 7/7 levels left

rFire    . . .     SeeInvis .   a - +0 war axe
rCold    . . .     Gourm    .   c - +0 shield
rNeg     . . .     Faith    .   b - +0 scale mail
rPois    .         Spirit   .   (no helmet)
rElec    .         Reflect  .   (no cloak)
rCorr    .         Harm     .   (no gloves)
MR       .....     NoTele   +   (no boots)
Stlth    ..........             (no amulet)
HPRegen  0.23/turn              (no ring)
MPRegen  0.13/turn              (no ring)

@: liquid flames, very slightly contaminated, hasted, glowing, very quick
A: no striking features
a: Smiting, Renounce Religion


You were in the Dungeon.
You worshipped Beogh.
Beogh was pleased with you.
You were not hungry.

You visited 1 branch You collected 280 gold pieces.

Inventory:

Hand Weapons
 a - a +0 war axe (weapon)
Armour
 b - a +0 scale mail (worn)
 c - a +0 shield (worn)
Scrolls
 k - a scroll of blinking
 l - 3 scrolls of fog
Potions
 h - 2 potions of haste
 i - 2 potions of magic
 m - a potion of resistance
Comestibles
 f - a bread ration


   Skills:
 + Level 10.3 Fighting
 + Level 10.8 Axes
 + Level 9.5 Armour
 + Level 9.5 Shields
 + Level 7.1 Invocations


You had 7 spell levels left.
You didn't know any spells.

Dungeon Overview and Level Annotations

Branches:
Dungeon (1/1)

Altars:
Cheibriados
Fedhas
Gozag
Kikubaaqudgha
Makhleb
Okawaru
Qazlal
Ru
Sif Muna
Trog
Uskayaw
Vehumet
Wu Jian
Xom
Zin
Beogh
Jiyva
Lugonu

Shops:
D *[%???:(!!!!


Message History

Beogh accepts your kill.
The fire elemental disappears in a puff of smoke! x3
Your Fighting skill increases to level 10!
Your Axes skill increases to level 10!
Your Armour skill increases to level 9!
Your Shields skill increases to level 9!
Your Invocations skill gained 3 levels and is now at level 7!
You have reached level 8!
You are covered in liquid flames!
* * * LOW HITPOINT WARNING * * *
Unknown command.
Unknown command.
Unknown command.
Blink to where?
Press: ? - help, Dir - move target cursor
As you read the scroll of blinking, it crumbles to dust.
You are covered in liquid flames!
* * * LOW HITPOINT WARNING * * *
Unknown command.
You are covered in liquid flames!
You die...

###.e§§§....###
#⌠..§§§§.....⌠#
####.8.§e§§....8.######
_._...§.§###§§§...___∩##
...§...8.# #.8E.......∩#
......†..###............
...†..###...###.........
....†.# #.<.# #.........
...÷..###...# #.@.......
.....†...###............
.......8.# #.8........∩#
___......# #.......__∩##
####.8.........8.######
#⌠...........⌠#
###.........###
_......._ _......


You could see a fire elemental.

Vanquished Creatures
  A deep elf mage (D)
  3 soldier ants (D)
  3 worker ants (D)
  5 adders (D)
  A ball python (D)
13 creatures vanquished.

Notes
Turn   | Place    | Note
-------+----------+-------------------------------------------
     0 | D        | potatolord6000 the Hill Orc Fighter began the quest for the Orb.
     0 | D        | Reached XP level 1. HP: 19/19 MP: 1/1
     2 | D        | Found a glowing silver altar of Zin.
     3 | D        | Found a stormy altar of Qazlal.
     3 | D        | Found a sacrificial altar of Ru.
     4 | D        | Found a deep blue altar of Sif Muna.
     4 | D        | Found a hide-covered altar of Uskayaw.
     5 | D        | Found Cigod's Distillery.
     5 | D        | Found a snail-covered altar of Cheibriados.
     5 | D        | Found Hihad's Do-It-Yourself Clinic.
     5 | D        | Round 1.
     6 | D        | Found Luipnuink's Distillery.
     6 | D        | Found Atolier's Bottled Wisdom.
     7 | D        | Found an opulent altar of Gozag.
     8 | D        | Found a burning altar of Makhleb.
     8 | D        | Found a viscous altar of Jiyva.
     8 | D        | Found an iron altar of Okawaru.
     8 | D        | Found Ixorag's Staff Store.
     8 | D        | Found Arphuunly's Magic Scroll Shop.
     9 | D        | Found Qegolecs's Must-Have Magic.
     9 | D        | Found Zahaji's Magic Scroll Shop.
     9 | D        | Noticed a soldier ant
    17 | D        | Killed a soldier ant
    17 | D        | Reached XP level 2. HP: 23/31 MP: 2/2
    17 | D        | Reached XP level 3. HP: 28/38 MP: 3/3
    17 | D        | Reached XP level 4. HP: 33/45 MP: 4/4
    17 | D        | Reached XP level 5. HP: 38/51 MP: 5/5
    18 | D        | Found a shimmering altar of Xom.
    20 | D        | Found a radiant altar of Vehumet.
    21 | D        | Found Vesawun's Bee Food.
    21 | D        | Found a roughly hewn altar of Beogh.
    21 | D        | Found a corrupted altar of Lugonu.
    21 | D        | Found an ornate altar of the Wu Jian Council.
    21 | D        | Found Bouler's Identification Station.
    22 | D        | Found Bomodgh's Jewellery.
    22 | D        | Found Xaets's Advanced Armour.
    22 | D        | Noticed a soldier ant
    25 | D        | Found an ancient bone altar of Kikubaaqudgha.
    41 | D        | Killed a soldier ant
    41 | D        | Reached XP level 6. HP: 43/61 MP: 6/6
    45 | D        | Became a worshipper of Beogh the Brigand
    69 | D        | Noticed a soldier ant
    70 | D        | Reached skill level 1 in Invocations
    74 | D        | Found a blossoming altar of Fedhas.
    81 | D        | Killed a soldier ant
   119 | D        | Reached * piety under Beogh
   140 | D        | Arena points: 14 (+14) [x2]
   175 | D        | Round 2.
   198 | D        | Reached ** piety under Beogh
   306 | D        | Reached XP level 7. HP: 54/70 MP: 10/10
   318 | D        | Arena points: 56 (+42) [x3]
   367 | D        | Round 3.
   397 | D        | Noticed a deep elf mage
   397 | D        | Noticed a deep elf mage
   397 | D        | Noticed a deep elf mage
   397 | D        | Noticed a deep elf mage
   399 | D        | Noticed a fire elemental
   402 | D        | Noticed a fire elemental
   402 | D        | Noticed a fire elemental
   403 | D        | Noticed a fire elemental
   404 | D        | Noticed a fire elemental
   412 | D        | Killed a deep elf mage
   412 | D        | Reached skill level 10 in Fighting
   412 | D        | Reached skill level 10 in Axes
   412 | D        | Reached XP level 8. HP: 4/79 MP: 4/13
   412 | D        | HP: 2/79 [burnt (2)]
   414 | D        | Found a bloodstained altar of Trog.
   414 | D        | Incinerated by a deep elf mage

Vault maps used:
D:        arena_sprint

Skill      XL: |  1  2  3  4  5  6  7 |
---------------+----------------------+-----
Fighting       | 6 8 9 10 | 10.3
Axes           | 6 8 9 10 | 10.8
Armour         | 6 7 8 9 |  9.5
Shields        | 6 7 8 9 |  9.5
Invocations    | 4 7 |  7.1

Action                   |  1- 3 |  4- 6 |  7- 9 || total
-------------------------+-------+-------+-------++-------
Melee: War axe           |     4 |    46 |    17 ||    67
Invok: Smiting           |       |       |     3 ||     3
  Use: Potion            |     2 |     3 |     4 ||     9
       Scroll            |       |       |     3 ||     3
Armor: Scale mail        |       |    14 |    15 ||    29
Dodge: Dodged            |       |     9 |     6 ||    15
Block: Shield            |     1 |    25 |    15 ||    41

Table legend:
 A = Spawn XP
 B = Non-spawn XP
 C = Spawn XP percentage of total XP
 D = Spawn monster count
 E = Non-spawn monster count
 F = Spawn count percentage of total count
 G = Total turns spent on level
                    A         B        C        D         E        F      G
               +---------+---------+-------+---------+---------+-------+---------
         Total |       0 |    1252 |   0.0 |       0 |      13 |   0.0 |   414
               +---------+---------+-------+---------+---------+-------+---------
             D |       0 |    1252 |   0.0 |       0 |      13 |   0.0 |   414
               +---------+---------+-------+---------+---------+-------+---------
